 Dungeon Crawl Stone Soup version 0.24-a0-584-g9d6b971 (webtiles) character file.

Game seed: 15439379547525317156, levelgen mode: deterministic

1617 BladedHellion the Sneak (level 8, -8/60 HPs)
             Began as a Demonspawn Assassin on Sept 6, 2019.
             Was an Initiate of Gozag.
             Mangled by Duvessa
             ... wielding a +0 short sword
              (16 damage)
             ... on level 6 of the Dungeon.
             The game lasted 00:16:49 (6067 turns).

BladedHellion the Sneak (Demonspawn Assassin)       Turns: 6067, Time: 00:16:52

Health: -8/60      AC: 10    Str: 13    XL:     8   Next: 64%
Magic:  8/8        EV:  0    Int: 18    God:    Gozag
Gold:   471        SH: 16    Dex: 19    Spells: 7/7 levels left

rFire    . . .     SeeInvis .   y - +10 scimitar of the Pyrrhic Victory {flame, Int+6 Dex+3}
rCold    + . .     Gourm    .   p - +3 large shield
rNeg     . . .     Faith    .   v - +0 plate armour
rPois    .         Spirit   .   (helmet restricted)
rElec    .         Reflect  .   c - +0 cloak
rCorr    .         Harm     .   (no gloves)
MR       +....                  (no boots)
Stlth    ..........             F - amulet of regeneration
HPRegen  0.60/turn              C - ring of ice
MPRegen  0.11/turn              q - ring of protection from magic

@: no status effects
A: antennae 1, hooves 1, molten scales 2, blurry vision 1, deformed body, fire
resistance 1, flame cloud immunity
a: Potion Petition, Call Merchant, Bribe Branch, Renounce Religion


You were on level 6 of the Dungeon.
You worshipped Gozag.
Gozag was aware of your devotion.
You were hungry.

You visited 2 branches of the dungeon, and saw 7 of its levels.

You collected 532 gold pieces.
You paid 61 gold pieces to Gozag.

Inventory:

Hand Weapons
 a - a +2 dagger
 l - a +1 dagger of speed
 m - a +0 dagger
 o - a +0 scythe
 r - a +1 vampiric whip
 y - the +10 scimitar of the Pyrrhic Victory (weapon) {flame, Int+6 Dex+3}
   (You found it on level 4 of the Dungeon)

   It has been specially enchanted to burn those struck by it, causing extra
   injury to most foes and up to half again as much damage against particularly
   susceptible opponents.
   Big, fiery blades are also staple armaments of hydra-hunters.
   It affects your intelligence (+6).
   It affects your dexterity (+3).
Missiles
 d - 29 poisoned darts (quivered)
 h - 148 arrows
 i - 200 stones
 j - 16 javelins
 B - 15 bolts
Armour
 b - a +0 robe
 c - a +0 cloak (worn)
 g - a +1 leather armour
 p - a +3 large shield (worn)
 s - a +2 shield
 v - a +0 plate armour (worn)
Jewellery
 n - an uncursed ring of resist corrosion
 q - a ring of protection from magic (right hand)
 C - a ring of ice (left hand)
 F - an amulet of regeneration (around neck)
Wands
 E - a wand of flame (24)
Scrolls
 k - 3 scrolls of teleportation
 t - a scroll of identify
 u - a scroll of fear
 x - 2 scrolls of amnesia
 D - a scroll of blinking {unknown}
Potions
 e - 2 potions of flight {unknown}
 w - 2 potions of resistance
 z - 2 potions of degeneration {unknown}
 A - a potion of lignification {unknown}
Comestibles
 f - 10 rations


   Skills:
 + Level 3.8 Fighting
 + Level 3.4(4.7) Short Blades
 + Level 4.9(5.5) Long Blades
 + Level 0.7 Maces & Flails
 + Level 2.4 Throwing
 + Level 3.5 Armour
 + Level 3.1 Dodging
 + Level 5.1 Stealth
 + Level 3.5 Shields


You had 7 spell levels left.
You didn't know any spells.
Your spell library contained the following spells:

 Spells                   Type           Power        Failure   Level  Hunger
 Magic Dart               Conj           #...         100%        1    ##.....
 Searing Ray              Conj           #.....       100%        2    ###....
 Dazzling Spray           Conj/Hex       #.....       100%        3    ####...
 Force Lance              Conj/Tloc      #.......     100%        4    #####..
 Fulminant Prism          Conj/Hex       #.........   100%        4    #####..
 Iskenderun's Mystic Bla  Conj           #.......     100%        4    #####..


Dungeon Overview and Level Annotations

Branches:
Dungeon (6/15)             Temple (1/1) D:4

Altars:
Cheibriados
Dithmenos
Elyvilon
Gozag
Hepliaklqana
Kikubaaqudgha
Makhleb
Nemelex Xobeh
Okawaru
Qazlal
Sif Muna
Trog
Vehumet
Wu Jian
Yredelemnul
Zin
The Shining One

Shops:
D:4 (

Annotations:
D:6 Dowan, Duvessa


Innate Abilities, Weirdness & Mutations

You are mostly covered in molten scales. (AC +3)
Your flesh is heat resistant. (rF+)
You are immune to clouds of flame.
You have a pair of small antennae on your head.
You have large cloven feet.
Scrolls take you a little longer to read.
Armour fits poorly on your strangely shaped body.


Message History

Things that are here:
4 gold pieces; a +0 flail; a +0 plate armour Your shield and plate armour prevent you from hitting Duvessa.
You kick Duvessa.
Duvessa is lightly wounded.
The orc is no longer distracted by gold.
You block Duvessa's attack. x2
You slash Duvessa! You burn Duvessa. You kick Duvessa, but do no damage.
Duvessa is moderately wounded.
Duvessa hits you but does no damage. You block Duvessa's attack.
Dowan gestures wildly while chanting.
Dowan blinks!
You block the orc's attack.
Your plate armour prevents you from hitting the orc.
You kick the orc.
The orc is heavily wounded.
Duvessa hits you with a +0 short sword!
* * * LOW HITPOINT WARNING * * *
You block the orc's attack. Duvessa hits you with a +0 short sword!
You die...
Your body crumbles into a pile of gold.

#.#
#.###.....#
#.#
#.#.......#
#.###
#.#.#......
#...# #.#
#...... ###$#
#.# #......
#$# .# ######.
##$## ..
#####...####
##.
#.o@e........
#.
#.#e#....####
#. ....#...#.#
......#.....#
##...####....#
..... ..#.##
...# ..#.# #≈
.#.#


You could see Duvessa (berserk), Dowan and an orc.

Vanquished Creatures
  Sigmund (D:4)
  Edmund (D:6)
  2 orc warriors (D:6)
  A phantom (D:5)
  A centaur (D:6)
  Blork the orc (D:4)
  3 bullfrogs (D:6)
  A scorpion (D:4)
  4 wights (D:6)
  The ghost of BladedHellion the Sneak, a weakling DsAs (D:3)
  The ghost of minmay the Ducker, a weakling OpGl (D:3)
  A howler monkey (D:5)
  2 hounds
  2 iguanas
  3 worker ants
  A mummy (D:4)
  4 gnolls
  7 adders
  A shadow imp (D:5)
  2 oozes
  4 worms
  A dart slug (D:1)
  2 leopard geckos
  11 orcs
  8 bats
  3 giant cockroaches
  9 goblins
  3 hobgoblins (D:1)
  2 jackals (D:5)
  6 frilled lizards
  A jackal skeleton (D:5)
  5 kobolds
  8 rats
103 creatures vanquished.

Notes
Turn   | Place    | Note
-------+----------+-------------------------------------------
     0 | D:1      | BladedHellion the Demonspawn Assassin began the quest for
                  | the Orb.
     0 | D:1      | Reached XP level 1. HP: 16/16 MP: 1/1
   114 | D:1      | Reached skill level 4 in Stealth
   138 | D:1      | Gained mutation: You are partially covered in molten
                  | scales. (AC +2) [demonic ancestry]
   138 | D:1      | Reached XP level 2. HP: 21/22 MP: 2/2
   502 | D:1      | Reached skill level 1 in Dodging
   555 | D:1      | Gained mutation: You are mostly covered in molten scales.
                  | (AC +3) [demonic ancestry]
   555 | D:1      | Reached XP level 3. HP: 27/27 MP: 3/3
  1258 | D:2      | Reached XP level 4. HP: 8/33 MP: 4/4
  1712 | D:2      | Found a hazy altar of Hepliaklqana.
  1714 | D:2      | Found a radiant altar of Vehumet.
  2301 | D:3      | Reached skill level 1 in Armour
  2402 | D:3      | Reached XP level 5. HP: 24/39 MP: 5/5
  2693 | D:3      | Found a runed translucent gate.
  2897 | D:3      | Found a runed translucent gate.
  2899 | D:3      | Found a runed translucent gate.
  2899 | D:3      | Noticed minmay's ghost (weakling OpGl)
  2899 | D:3      | Noticed BladedHellion's ghost (weakling DsAs)
  2953 | D:3      | Gained mutation: Armour fits poorly on your strangely
                  | shaped body. [potion of mutation]
  2953 | D:3      | Gained mutation: You have large cloven feet. [potion of
                  | mutation]
  2953 | D:3      | Gained mutation: Scrolls take you a little longer to read.
                  | [potion of mutation]
  2953 | D:3      | Gained mutation: You have a pair of small antennae on your
                  | head. [potion of mutation]
  2958 | D:3      | Killed BladedHellion's ghost
  2958 | D:3      | Reached skill level 1 in Shields
  2962 | D:3      | Killed minmay's ghost
  3777 | D:4      | Found a staircase to the Ecumenical Temple.
  3812 | Temple   | Entered the Ecumenical Temple
  3847 | Temple   | Became a worshipper of Gozag Ym Sagoz the Greedy
  4208 | D:4      | Gained mutation: Your flesh is heat resistant. (rF+)
                  | [demonic ancestry]
  4208 | D:4      | Reached XP level 6. HP: 8/46 MP: 6/6
  4524 | D:4      | Noticed Sigmund
  4540 | D:4      | Killed Sigmund
  4558 | D:4      | Found an ornate altar of the Wu Jian Council.
  4573 | D:4      | Got a shimmering scimitar
  4574 | D:4      | Identified the +10 scimitar of the Pyrrhic Victory {flame,
                  | Int+6 Dex+3} (You found it on level 4 of the Dungeon)
  4601 | D:4      | Found Kotzukem's Weapon Shop.
  4695 | D:4      | Found a shadowy altar of Dithmenos.
  4874 | D:4      | Noticed Blork the orc
  4887 | D:4      | Found a shimmering blue altar of Sif Muna.
  4915 | D:4      | Killed Blork the orc
  4915 | D:4      | Gained mutation: You are immune to clouds of flame.
                  | [demonic ancestry]
  4915 | D:4      | Reached XP level 7. HP: 26/51 MP: 7/7
  5096 | D:4      | Found a white marble altar of Elyvilon.
  5394 | D:5      | Entered Level 5 of the Dungeon
  5659 | D:5      | Reached skill level 5 in Stealth
  5694 | D:5      | Reached skill level 1 in Long Blades
  5936 | D:6      | Reached XP level 8. HP: 57/58 MP: 8/8
  5984 | D:6      | Noticed Edmund
  5989 | D:6      | Killed Edmund
  6052 | D:6      | Noticed Duvessa
  6056 | D:6      | Noticed Dowan
  6067 | D:6      | Mangled by Duvessa

Levels and vault maps discovered:
D:1:      co_arrival_random_square_maze, layout_basic
D:2:      layout_basic, chequers_temple_overflow_statue_of_worship
D:3:      layout_loops_ring, first_ration, gammafunk_ghost_cemetery
D:4:      layout_basic, nicolae_overflow_crystal_walls, tgw_sif,
          kennysheep_mini_moat, minmay_temple_entry_large_hall,
          gup_ossuary_entry_pyramid, serial_shops, nicolae_shop_crystal,
          nicolae_dithmenos_shadow_blocks, uniq_sigmund
D:5:      layout_basic
D:6:      layout_loops_ring, hangedman_ru_absence, uniq_duvessa, uniq_edmund
Temple:   minmay_temple_forest_path

Skill      XL: |  1  2  3  4  5  6  7  8 |
---------------+-------------------------+-----
Stealth        | 4 5 |  5.1
Dodging        | 1 2 3 |  3.1
Short Blades   | 2 3 |  3.4
Armour         | 1 2 3 |  3.5
Shields        | 1 2 3 |  3.5
Throwing       | 2 |  2.4
Long Blades    | 2 4 |  4.9
Fighting       | 3 |  3.8
Maces & Flails | |  0.7

Action                   |  1- 3 |  4- 6 |  7- 9 || total
-------------------------+-------+-------+-------++-------
Melee: Dagger            |   133 |   213 |       ||   346
       Whip              |       |    21 |       ||    21
       Kick              |       |    17 |    24 ||    41
       Scimitar          |       |     5 |    87 ||    92
Throw: Dart              |       |     6 |       ||     6
  Use: Scroll            |     2 |     7 |     1 ||    10
       Potion            |       |     7 |       ||     7
 Stab: Sleeping          |     5 |     8 |       ||    13
       Distracted        |       |       |     1 ||     1
  Eat: Ration            |     1 |     2 |     1 ||     4
       Chunk             |       |     2 |       ||     2
Armor: Leather armour    |    43 |    48 |     1 ||    92
       Plate armour      |       |       |    26 ||    26
Dodge: Dodged            |    77 |    32 |     1 ||   110
Block: Large shield      |       |   110 |    52 ||   162

Table legend:
 A = Non-vault XP
 B = Vault XP
 C = Vault XP percentage of total XP
 D = Non-vault monster count
 E = Vault monster count
 F = Vault count percentage of total count
                 A         B        C        D         E       F
            +---------+---------+-------+---------+---------+-------
      Total |    1691 |     620 |  26.8 |      97 |       6 |   5.8
            +---------+---------+-------+---------+---------+-------
        D:1 |      59 |       0 |   0.0 |      25 |       0 |   0.0
        D:2 |      79 |       0 |   0.0 |      17 |       0 |   0.0
        D:3 |     103 |     111 |  51.9 |      19 |       2 |   9.5
        D:4 |     166 |     338 |  67.1 |       6 |       3 |  33.3
        D:5 |     311 |       0 |   0.0 |      13 |       0 |   0.0
        D:6 |     973 |     171 |  14.9 |      17 |       1 |   5.6
            +---------+---------+-------+---------+---------+-------
